AoeStats
← chenya_ko

Arabia

510427740Analyzed
1v1 RM · 2d ago on Oct 1, 2026· 49m 33s· 2 players
Game mode
Random Map
Map size
Tiny (2 player)
Population
200
Speed
Normal
Resources
Standard
Victory
Conquest
Starting age
Dark Age
Ending age
Imperial Age
RankedLock teamsTeams togetherTeam positionsShared explorationLock speedFull tech treeHidden civsTurbo modeCheats
Victory
Defeat
🇹🇼 Japanese · Taiwan
1094
+17
🇨🇴 Berbers · Colombia
1125
-17
la banda de Wallace
6:32 Loom
9:36 Feudal Age
16:16 Fletching
16:27 Padded Archer Armor
19:08 Gold Mining
19:09 Double-Bit Axe
22:43 Castle Age
23:45 Bodkin Arrow
24:08 Leather Archer Armor
24:41 Ballistics
25:45 Crossbowman
31:54 Bloodlines
33:15 Scale Barding Armor
34:08 Forging
37:12 Chain Barding Armor
43:46 Iron Casting
48:08 Imperial Age
48:19 Cavalier
50:05 Blast Furnace
chenya_ko
1:52 Loom
9:29 Feudal Age
9:43 Man-at-Arms
11:39 Double-Bit Axe
14:26 Fletching
18:07 Wheelbarrow
17:38 Padded Archer Armor
22:55 Castle Age
21:03 Horse Collar
21:45 Scale Mail Armor
21:40 Gold Mining
22:15 Forging
22:13 Arson
23:01 Long Swordsman
23:27 Gambesons
23:06 Elite Skirmisher
24:18 Bow Saw
24:15 Squires
25:22 Heavy Plow
26:08 Chain Mail Armor
27:13 Bodkin Arrow
28:24 Gold Shaft Mining
28:36 Town Watch
32:26 Iron Casting
32:11 Leather Archer Armor
32:16 Stone Mining
34:27 Ballistics
36:58 Hand Cart
40:42 Imperial Age
39:50 Pikeman
40:46 Masonry
41:14 Two-Handed Swordsman
42:31 Plate Mail Armor
42:02 Bracer
43:05 Chemistry
44:20 Two-Man Saw
44:57 Blast Furnace
45:47 Conscription
45:33 Champion
48:18 Ring Archer Armor
48:43 Halberdier
Connection lost

Rejoining the realm…

Still unreachable

The connection could not be restored.

Session expired

The server has moved on; the page needs a fresh start.